 Dungeon Crawl Stone Soup version 0.30-a0-1157-g2cc9ac7196 (webtiles) character file.

Game seed: 12653950700509557430

4 demibob the Trooper (level 1, 0/18 HPs)
             Began as a Demonspawn Fighter on Apr 25, 2023.
             Succumbed to a kobold's poison
             ... on level 1 of the Dungeon.
             The game lasted 00:00:13 (21 turns).

demibob the Trooper (Demonspawn Fighter)              Turns: 21, Time: 00:00:14

Health: 0/18       AC:  6    Str: 16    XL:     1   Next: 58%
Magic:  1/1        EV:  8    Int:  9    God:
Gold:   0          SH:  4    Dex: 12    Spells: 0/0 levels left

rFire   . . .        a - +0 flail
rCold   . . .        c - +0 buckler
rNeg    . . .        b - +0 scale mail
rPois   .            (no helmet)
rElec   .            (no cloak)
rCorr   .            (no gloves)
SInv    .            (no boots)
Will    .....        (no amulet) Stlth
                     (no ring)
HPRegen 0.23/turn    (no ring)
MPRegen 0.07/turn

%: no passive effects
@: mighty, lethally poisoned (0 -> -2)
A: no striking features
a: no special abilities


You were on level 1 of the Dungeon.
You visited 1 branch of the dungeon, and saw 1 of its levels.


   Skills:
 - Level 3.0 Fighting
 * Level 2.1 Maces & Flails
 - Level 2.6 Armour
 + Level 2.8 Shields


You couldn't memorise any spells.
You didn't know any spells.
Your spell library was empty.

Inventory:

Hand Weapons
 a - a +0 flail (weapon)
Armour
 b - a +0 scale mail (worn)
 c - a +0 buckler (worn)

Dungeon Overview and Level Annotations

Branches:
Dungeon (1/15)

Altars:

..>.... ...>.. #..
..... #... #...#
##...## #...#
....... #...#
#.....J# ##...###
#.#.##..###.@....#
....##..##.#)##.#
#...#..#)#.##.#
#...............
#.++'++').###.#.
+....+..#
+.<..+....
+....+..###
+....+...


There were no monsters in sight!


Message History

The kobold throws a poisoned dart.
The poisoned dart hits you!
You are more poisoned.
The goblin hits you but does no damage.
You sock the goblin!
You kill the goblin!
* * * LOW HITPOINT WARNING * * *
You feel very sick.
Your Maces & Flails skill increases to level 2!
Unknown command.
You are too injured to fight recklessly!
Unknown command.
You feel very mighty all of a sudden.
* * * LOW HITPOINT WARNING * * *
You feel sick. The endoplasm hits you.
* * * LOW HITPOINT WARNING * * *
You thump the endoplasm!
You kill the endoplasm!
* * * LOW HITPOINT WARNING * * *
You feel sick.
Found a stone staircase leading down.
* * * LOW HITPOINT WARNING * * *
You feel sick. The kobold hits you but does no damage.
Unknown command.
You barely miss the kobold.
* * * LOW HITPOINT WARNING * * *
You feel sick. The kobold closely misses you.
The kobold hits you but does no damage.
You hit the kobold.
You kill the kobold!
You die...

Skill      XL: |  1 |
---------------+----+-----
Maces & Flails | 2 |  2.1
Fighting       | |  3.0
Armour         | |  2.6
Shields        | |  2.8

Action                     || total
---------------------------++-------
  Melee: Flail             ||    10
    Use: Potion            ||     1
 Armour: Scale mail        ||     8
  Dodge: Dodged            ||     6
  Block: Buckler           ||     4

Levels and vault maps discovered:
D:1:      lightli_arrival_maybe_door_vault, layout_loops_cross,
          serial_park_tiny_pond

Notes
Turn   | Place    | Note
-------+----------+-------------------------------------------
     0 | D:1      | demibob the Demonspawn Fighter began the quest for the Orb.
     0 | D:1      | Reached XP level 1. HP: 18/18 MP: 1/1
    17 | D:1      | Reached skill level 2 in Maces & Flails
    20 | D:1      | HP: 1/18 [poisoned by a kobold]
    21 | D:1      | Succumbed to a kobold's poison

Vanquished Creatures
  An endoplasm (D:1)
  A goblin (D:1)
  2 kobolds (D:1)
  A bat (D:1)
5 creatures vanquished.

Table legend: (Time is in decaauts)
 A = Elapsed time spent in this place.
 B = Non-inter-level travel time spent in this place.
 C = Inter-level travel time spent in this place.
 D = Time resting spent in this place.
 E = Time spent auto-exploring this place.
 F = Levels seen in this place.
 G = Mean time per level.
                   A        B        C        D        E       F      G
               +--------+--------+--------+--------+--------+-----+--------+
         Total |     24 |     24 |      0 |      0 |      3 |   1 |   24.0 |
       Dungeon |     24 |     24 |      0 |      0 |      3 |   1 |   24.0 |
               +--------+--------+--------+--------+--------+-----+--------+

Top non-repeatable levels by time:
     D:1: 24 daAuts

Table legend:
 A = Non-vault XP
 B = Vault XP
 C = Vault XP percentage of total XP
 D = Non-vault monster count
 E = Vault monster count
 F = Vault count percentage of total count
                 A         B        C        D         E       F
            +---------+---------+-------+---------+---------+-------
      Total |       8 |       0 |   0.0 |       5 |       0 |   0.0
            +---------+---------+-------+---------+---------+-------
        D:1 |       8 |       0 |   0.0 |       5 |       0 |   0.0
            +---------+---------+-------+---------+---------+-------
